 Dungeon Crawl Stone Soup version 0.31-a0-193-gdfe2569204 (webtiles) character file.

Game seed: 3819546640503609134

49 qw the Shooter (level 3, -1/20 HPs)
             Began as a Deep Elf Hunter on June 23, 2023.
             Slain by Natasha (3 damage)
             ... on level 2 of the Dungeon.
             The game lasted 00:00:34 (1281 turns).

qw the Shooter (Deep Elf Hunter)                    Turns: 1281, Time: 00:00:34

Health: -1/20      AC:  5    Str: 10    XL:     3   Next: 51%
Magic:  5/5        EV: 11    Int: 13    God:
Gold:   121        SH:  0    Dex: 18    Spells: 2/2 levels left

rFire   . . .        Y - +0 shortbow
rCold   . . .        (shield currently unavailable)
rNeg    . . .        h - +0 ring mail
rPois   .            (no helmet)
rElec   .            (no cloak)
rCorr   .            (no gloves)
SInv    .            (no boots)
Will    .....        f - amulet of regeneration
Stlth   +            (no ring)
HPRegen 1.03/turn    (no ring)
MPRegen 0.09/turn

%: no passive effects
@: no status effects
A: no striking features
a: no special abilities


You were on level 2 of the Dungeon.
You visited 1 branch of the dungeon, and saw 2 of its levels.

You collected 121 gold pieces.


   Skills:
 - Level 1.5 Fighting
 + Level 7.0 Ranged Weapons
 - Level 2.4 Dodging
 - Level 1.2 Stealth


You had 2 spell levels left.
You didn't know any spells.
Your spell library was empty.

Inventory:

Hand Weapons
 Y - a +0 shortbow (weapon)
Armour
 h - a +0 ring mail (worn)
Jewellery
 f - an amulet of regeneration (around neck)
Scrolls
 a - a scroll of identify {unknown}
Potions
 b - a potion of curing
 c - a potion of heal wounds {unknown}
 d - a potion of ambrosia {unknown}
 e - a potion of might {unknown}
 i - a potion of attraction {unknown}

Dungeon Overview and Level Annotations

Branches:
Dungeon (2/15)

Altars:

Annotations:
D:2 1 runed translucent door, Crazy Yiuf, Natasha


Message History

Enter note:
Enter note: You shoot an arrow.
The arrow barely misses the rat.
You shoot an arrow. The arrow hits the rat.
You kill the rat!
Natasha, Servant of Life and Death comes into view.
Natasha hisses angrily.
Enter note:
Enter note:
Enter note:
Enter note:
Enter note:
Enter note:
Enter note:
Enter note:
Enter note: You shoot an arrow.
The arrow misses Natasha.
You shoot an arrow. The arrow barely misses Natasha.
Natasha casts a spell.
You shoot an arrow. The arrow closely misses Natasha.
You shoot an arrow. The arrow hits Natasha.
Natasha is heavily wounded.
Natasha mumbles some strange words.
You shoot an arrow. The arrow hits the cerulean imp.
The cerulean imp is moderately wounded.
The cerulean imp hits you but does no damage.
The cerulean imp hits you with a +1 spear.
You shoot an arrow. The arrow hits Natasha.
Natasha is heavily wounded.
The cerulean imp closely misses you. Natasha claws you.
The cerulean imp hits you with a +1 spear.
You shoot an arrow. The arrow hits Natasha.
Natasha is severely wounded.
The cerulean imp hits you from afar with a +1 spear.
Natasha casts a spell.
The cerulean imp hits you with a +1 spear.
The cerulean imp hits you from afar with a +1 spear.
You shoot an arrow. The arrow closely misses Natasha.
Natasha claws you.
You die...

#### #[..# .....# ### ###
....%%# ## #.. ...
......5################. #.# #.#
.....5.5................ #.# #.#
...>..h@.....#########.. #.# #.#
.......#.....## #.. #.###.#
..............########.. ......#
#...##.....)............ #..#..#
#..# #........########.. ##.#..#
#..# #.......#### #..
#.#..####..###..#.......# #..
#.#.............##.####.######..
#.#.#####..####.#### #......(..


You could see Natasha and 3 cerulean imps.

Vanquished Creatures
  A worm (D:2)
  A dart slug (D:1)
  4 bats
  3 endoplasms (D:1)
  3 giant cockroaches
  4 goblins
  A hobgoblin (D:2)
  5 jackals
  3 kobolds
  2 quokkas
  4 ball pythons
  2 frilled lizards
  6 rats
39 creatures vanquished.

Notes
Turn   | Place    | Note
-------+----------+-------------------------------------------
     0 | D:1      | qw the Deep Elf Hunter began the quest for the Orb.
     0 | D:1      | Reached XP level 1. HP: 12/12 MP: 3/3
     0 | D:1      | 0 ||| qw: Version: 0.3-a-9-g12657ce
     0 | D:1      | 0 ||| qw: Game counter: 4619
     0 | D:1      | 0 ||| qw: Always use a shield: true
     0 | D:1      | 0 ||| qw: God list: Okawaru
     0 | D:1      | 0 ||| qw: Allow faded altars: false
     0 | D:1      | 0 ||| qw: Do Orc after D:15 true
     0 | D:1      | 0 ||| qw: Do second Lair branch before Depths: true
     0 | D:1      | 0 ||| qw: Lair rune preference: random
     0 | D:1      | 0 ||| qw: Plans: Normal
     0 | D:1      | 0 ||| PLANNING D:1-11
   126 | D:1      | Reached skill level 6 in Ranged Weapons
   126 | D:1      | Reached XP level 2. HP: 13/16 MP: 4/4
   704 | D:1      | 704 ||| UPGRADING to +0 ring mail.
   714 | D:1      | 714 ||| DROPPING +0 leather armour.
   715 | D:1      | 715 ||| UPGRADING to amulet of regeneration.
   720 | D:1      | 720 ||| READING scroll labelled IWITHUTURY.
   724 | D:1      | 724 ||| READING scroll labelled KIEKEH IPIKHO.
   725 | D:1      | 725 ||| DROPPING scroll of butterflies.
   837 | D:2      | Reached XP level 3. HP: 14/20 MP: 5/5
  1087 | D:2      | 1087 ||| FLEEEEING.
  1088 | D:2      | 1088 ||| STAIRDANCE
  1090 | D:1      | 1090 ||| DROPPING ring of wizardry.
  1091 | D:1      | 1091 ||| DRINKING 2 fizzy red potions.
  1110 | D:2      | Found a runed translucent door.
  1111 | D:2      | Noticed Crazy Yiuf
  1166 | D:2      | Reached skill level 7 in Ranged Weapons
  1273 | D:2      | Noticed Natasha
  1280 | D:2      | HP: 5/20 [cerulean imp/+1 spear[Natasha] (5)]
  1280 | D:2      | HP: 1/20 [cerulean imp/+1 spear[Natasha] (4)]
  1281 | D:2      | Slain by Natasha

Levels and vault maps discovered:
D:1:      dpeg_arrival_boxorama, layout_loops_ring,
          nicolae_concentric_dashed_squares_mild
D:2:      minmay_inner_zag, layout_loops_ring, minmay_pentomino_r4,
          uniq_crazy_yiuf_cottage, uniq_natasha

Skill      XL: |  1  2  3 |
---------------+----------+-----
Ranged Weapons | 6 7 |  7.0
Fighting       | |  1.5
Dodging        | |  2.4
Stealth        | |  1.2

Action                     || total
---------------------------++-------
   Fire: Shortbow          ||   134
    Use: Scroll            ||     2
         Potion            ||     1
 Armour: Leather armour    ||    10
         Ring mail         ||    12
  Dodge: Dodged            ||    30

Table legend:
 A = Non-vault XP
 B = Vault XP
 C = Vault XP percentage of total XP
 D = Non-vault monster count
 E = Vault monster count
 F = Vault count percentage of total count
                 A         B        C        D         E       F
            +---------+---------+-------+---------+---------+-------
      Total |      57 |      13 |  18.6 |      31 |       8 |  20.5
            +---------+---------+-------+---------+---------+-------
        D:1 |      36 |       0 |   0.0 |      19 |       0 |   0.0
        D:2 |      21 |      13 |  38.2 |      12 |       8 |  40.0
            +---------+---------+-------+---------+---------+-------
